AoeStats
← Rablebok

Lombardia

509166677Analyzed
3v3 RM · 8d ago on Sep 25, 2026· 47m 11s· 6 players
Game mode
Random Map
Map size
Normal (6 player)
Population
200
Speed
Normal
Resources
Standard
Victory
Conquest
Starting age
Dark Age
Ending age
Imperial Age
RankedLock teamsTeams togetherTeam positionsShared explorationLock speedFull tech treeHidden civsTurbo modeCheats
Victory
Defeat
🇬🇧 Sicilians · United Kingdom
1173
+15
🇺🇾 Byzantines · Uruguay
1165
+16
🇨🇴 Magyars · Colombia
1142
+17
🇳🇴 Berbers · Norway
1286
-22
🇳🇴 Britons · Norway
1119
-14
🇳🇴 Magyars · Norway
1070
-12
molina_229
8:07 Loom
10:32 Feudal Age
12:33 Double-Bit Axe
16:40 Town Watch
18:03 Horse Collar
23:18 Castle Age
24:16 Wheelbarrow
24:28 Bow Saw
24:45 Husbandry
24:57 Pikeman
27:49 Bloodlines
27:58 Town Patrol
28:30 Fletching
31:33 Heavy Plow
32:05 Padded Archer Armor
32:40 Gold Mining
34:07 Scale Barding Armor
34:04 Bodkin Arrow
35:41 Thumb Ring
36:12 Corvinian Army
37:13 Chain Barding Armor
38:20 Light Cavalry
39:25 Stone Mining
40:11 Gold Shaft Mining
42:21 Imperial Age
40:47 Leather Archer Armor
40:33 Scale Mail Armor
40:50 Hand Cart
42:07 Ballistics
41:44 Murder Holes
43:05 Masonry
43:30 Conscription
43:47 Plate Barding Armor
43:13 Bracer
44:15 Chemistry
43:29 Masonry
42:42 Elite Magyar Huszar
44:40 Hoardings
44:20 Recurve Bow
45:59 Parthian Tactics
46:19 Crop Rotation
47:05 Two-Man Saw
45:48 Spies/Treason
46:54 Heavy Cavalry Archer
Searching for food
10:12 Feudal Age
9:34 Loom
11:58 Horse Collar
13:59 Scale Mail Armor
16:07 Double-Bit Axe
16:22 Arson
27:20 Castle Age
29:10 Fletching
29:53 Gold Mining
31:56 Chain Mail Armor
31:52 Forging
35:43 Bodkin Arrow
38:07 Wheelbarrow
43:22 Imperial Age
44:13 Iron Casting
43:45 Elite Serjeant
45:42 Plate Mail Armor
47:05 Blast Furnace
46:07 Spies/Treason
BOT [Quaa]
7:34 Loom
10:23 Feudal Age
14:41 Castle Age
13:07 Double-Bit Axe
22:12 Horse Collar
23:35 Gold Mining
24:09 Heavy Plow
26:35 Wheelbarrow
26:19 Forging
26:15 Scale Barding Armor
27:46 Hand Cart
28:14 Gold Shaft Mining
27:37 Stone Mining
31:17 Iron Casting
31:04 Chain Barding Armor
30:52 Husbandry
31:47 Stone Shaft Mining
34:11 Imperial Age
31:45 Fletching
32:12 Bow Saw
35:05 Logistica
35:40 Crop Rotation
35:36 Elite Cataphract
37:01 Plate Barding Armor
39:48 Conscription
40:32 Two-Man Saw
44:51 Bodkin Arrow
45:31 Spies/Treason
Ulven aldri mett
1:13 Loom
12:11 Feudal Age
15:23 Bloodlines
19:00 Horse Collar
19:06 Double-Bit Axe
27:36 Castle Age
29:37 Scale Barding Armor
31:01 Bow Saw
33:04 Wheelbarrow
33:57 Husbandry
34:40 Town Watch
Lance
6:52 Loom
10:27 Feudal Age
11:27 Double-Bit Axe
15:06 Fletching
19:24 Castle Age
18:45 Gold Mining
18:59 Horse Collar
19:30 Crossbowman
20:25 Padded Archer Armor
21:27 Heavy Plow
21:57 Bodkin Arrow
24:50 Wheelbarrow
26:16 Bow Saw
27:53 Pikeman
28:34 Squires
29:09 Leather Archer Armor
29:20 Scale Mail Armor
29:31 Forging
34:33 Ballistics
35:43 Hand Cart
38:30 Imperial Age
37:26 Chain Mail Armor
Rablebok
10:03 Feudal Age
9:20 Loom
10:33 Double-Bit Axe
10:29 Horse Collar
16:19 Wheelbarrow
20:36 Castle Age
19:31 Bloodlines
21:34 Bow Saw
26:04 Scale Barding Armor
27:43 Chain Barding Armor
Connection lost

Rejoining the realm…

Still unreachable

The connection could not be restored.

Session expired

The server has moved on; the page needs a fresh start.